Zazza, neutral female human Tourist -------- ------- |....... ##|....f@r |......| ----------- ---------- #-.....|r |......| ##.>........| +.........# #|.....| ---.-.-- # |.........+ |........|# #|.....| # ## ### |.........| #.........|# #------- # # # -------|--- ###----------# ####### # # # # # # # # # # # ### # # # # # # # # # # # # # # ### # ## # # # # #---------# ---.-.--# # # #|.......|# |......|# # # #.........# |..<....# # # |......{| |......| -----|----#### -.......| -------- |........|## |.......| |.........## --------- ---------- Zazza the Rambler Experience level: 1 Strength: 13 Dexterity: 8 Constitution: 17 Intelligence: 13 Wisdom: 8 Charisma: 16 Health: 0(10) Energy: 2(2) Def: 2 Gold: 595 Moves: 982 Dungeon seed: oMUVldou-5QVAd3X Game ID: Zazza_1619386545 Your Inventory: Coins $ - 595 gold pieces Weapons a - 38 blessed +2 darts n - a +0 flail s - 4 +0 darts u - a cursed +0 glaive w - a +0 orcish dagger B - a +0 dagger (weapon in hand) Armor e - a blessed +0 Hawaiian shirt (being worn) r - an uncursed +1 pair of leather gloves (being worn) Comestibles b - 6 uncursed food rations c - 2 uncursed sprigs of wolfsbane d - an uncursed tripe ration f - an uncursed egg g - an uncursed orange h - an uncursed tin of newt meat Scrolls j - 3 uncursed scrolls of magic mapping p - a blessed scroll of light C - an uncursed scroll of confuse monster Potions i - 2 uncursed potions of extra healing v - an uncursed potion of booze Rings x - a cursed -1 ring of gain constitution Tools l - an expensive camera (0:38) m - an uncursed credit card Gems q - an uncursed worthless piece of yellow glass y - an uncursed worthless piece of orange glass Spells and supernatural/magical abilities: Name Level Category Fail Memory W - pray for help -- divine ? -- Your skills at the end: Fighting Skills Weapon Skills dart [Basic] Spellcasting Skills Final Attributes: You were nominally aligned. You are dead. Vanquished creatures: a hobbit 2 jackals 2 kobolds a goblin 3 sewer rats 5 grid bugs 7 lichens a kobold zombie 3 newts 25 creatures vanquished. Voluntary challenges: You followed a strict vegan diet. You never hit with a wielded weapon. You read items or engraved 1 time, starting on turn 765. You never genocided any monsters. You never polymorphed an object. You never changed form. You used no wishes. You never split a pudding. You never wrote Elbereth's name. You never violated your personal moral code. Dungeon overview: The Dungeons of Doom: levels 1 to 3 Level 1 an altar to The Lady, some fountains a long staircase Level 2 a fountain stairs to The Gnomish Mines Level 3 <- You were here a fountain The Gnomish Mines: Level 3 stairs to The Dungeons of Doom History has recorded: On T:1 you entered the Dungeons of Doom to retrieve the Amulet of Yendor! On T:408 you reached level 2 of The Dungeons of Doom. On T:649 you reached level 1 of The Gnomish Mines. On T:775 you reached level 3 of The Dungeons of Doom. Score breakdown: Gold: 501 ( 9186 points) Experience: 1 level ( 0 points) Exploration: 3 levels ( 6.25%) ( 6188 points) Discoveries: 0 items ( 0.00%) ( 0 points) Valuables value: (no points given unless you survive) Artifact value: 0 ( 0 points) Variety of kills: 9 monsters ( 2.36%) ( 4610 points) Turncount: 982 turns ( 0 points) Survival: died (score multiplied by 80%) Total score: 15987 Latest messages: Armand misses the sewer rat. (4x) $ - 31 gold pieces. The sewer rat bites! Armand bites the sewer rat. The sewer rat is killed! The door opens. You hear bubbling water. You displace Armand. You stop. Armand is in the way! You displace Armand. The door opens. You see here an orange gem. y - an orange gem. You displace Armand. $ - 53 gold pieces. You displace Armand. The door resists! The door opens. The giant rat bites! (2x) You miss the giant rat. The giant rat bites! You miss the giant rat. The giant rat bites! You die... Final status: Aloha Zazza the Tourist, killed by a giant rat... You died in The Dungeons of Doom on dungeon level 3 with 15987 points, and 595 pieces of gold, after 982 moves. You were level 1 with a maximum of 10 hit points when you died.